 Dungeon Crawl Stone Soup version 0.28.0-53-g5a82cb258f (webtiles) character file.

Game seed: 11957153899213725199

55 Faeu the Cudgeller (level 3, 0/31 HPs)
             Began as a Draconian Berserker on May 30, 2022.
             Was a Follower of Trog.
             Succumbed to a scorpion's poison
             ... on level 3 of the Dungeon.
             The game lasted 00:01:23 (1620 turns).

Faeu the Cudgeller (Draconian Berserker)            Turns: 1620, Time: 00:01:24

Health: 0/31       AC:  5    Str: 21    XL:     3   Next: 67%
Magic:  3/3        EV: 12    Int:  7    God:    Trog [*.....]
Gold:   101        SH:  0    Dex: 10    Spells: 2/2 levels left

rFire   . . .      SeeInvis .   a - +0 mace {mace}
rCold   . . .      Faith    .   (no shield)
rNeg    . . .      Spirit   .   (armour unavailable)
rPois   .          Reflect  .   (helmet restricted)
rElec   .          Harm     .   (no cloak)
rCorr   .          Rampage  .   (no gloves)
Will    .....                   (no boots)
Stlth   +.........              (no amulet)
HPRegen 0.10/turn               (no ring)
MPRegen 0.08/turn               (no ring)

@: lethally poisoned (0 -> -9)
A: AC +5, unfitting armour, cold-blooded
a: Renounce Religion, Berserk


You were on level 3 of the Dungeon.
You worshipped Trog.
Trog was aware of your devotion.
You visited 1 branch of the dungeon, and saw 3 of its levels.

You collected 101 gold pieces.


Innate Abilities, Weirdness & Mutations

Your plain brown scales are hard. (AC +5)
You cannot fit into any form of body armour.
You are cold-blooded and may be slowed by cold attacks.


   Skills:
 - Level 3.2 Fighting
 + Level 4.7 Maces & Flails
 - Level 2.6 Dodging


You had 2 spell levels left.
You didn't know any spells.
Your spell library was empty.

Inventory:

Hand Weapons
 a - a +0 mace (weapon) {mace}
 m - a +2 great sword of flaming {long}
   (You found it on level 3 of the Dungeon)
Missiles
 f - 16 arrows
 g - 15 sling bullets
 h - 117 stones (quivered) {throwing}
 j - 6 curare-tipped darts {=fthrowing}
Jewellery
 c - an amulet of the acrobat
   (You found it on level 1 of the Dungeon)
Scrolls
 b - a scroll of immolation {unknown}
 d - 3 scrolls of identify {unknown}
 e - 2 scrolls of teleportation {unknown}
 i - a scroll of vulnerability {unknown}
 k - a scroll of holy word {unknown}
Potions
 l - a potion of mutation {unknown}

Dungeon Overview and Level Annotations

Branches:
Dungeon (3/15)

Altars:
Qazlal

Annotations:
D:3 2 runed translucent doors, Peloso's ghost, amateur MiFi

##...........###........
.+...........# #........
##...........# #........
...........# #..^.....
######+##+####........
#....... #....######.
#......#. #.##.#
###.........#....##
........##......@s#
##......####............
#.###...# ###++####....
#.....#<# #..≈.W..# ...
#.......##..⌠.#≈≈## .
#.###.####.#≈..§§# #.#
#.#####.≈!§≈#. #.#
#....####.#§### ##.#
######


You could see a scorpion and Peloso's ghost.


Message History

The ball python barely misses you. The ball python grabs you.
The ball python constricts you.
A ball python is nearby!
You barely miss the ball python. The ball python barely misses you.
The ball python constricts you.
A ball python is nearby!
You closely miss the ball python.
Your tail-slap misses the ball python.
Your punch misses the ball python.
The ball python bites you but does no damage.
The ball python constricts you. The ball python bites you.
The ball python constricts you. 😕 HP[-2]
You take 2 damage, and now have 29/31 hp.
A ball python is nearby!
You sock the ball python!
You kill the ball python!
Trog accepts your kill.
You see here a +0 mace {mace}.
You see here a +0 mace {mace}.
As you open the door, it creaks loudly!
No target in view! 😎 HP[+2]
There is an open door here.
You open the door.
A ball python comes into view.
There is an open door here.
A scorpion comes into view.
The scorpion moves out of view.
A ball python is nearby!
The helpless ball python fails to defend itself.
You hit the ball python. The ball python barely misses you.
The ball python closely misses you. x2; The ball python barely misses you.
A ball python is nearby!
You closely miss the ball python.
The ball python bites you but does no damage.
The ball python grabs you.
The ball python constricts you. 😕 HP[-1]
You take 1 damage, and now have 30/31 hp.
A ball python is nearby!
You barely miss the ball python. You tail-slap the ball python.
You kill the ball python!
Trog accepts your kill.
Peloso's ghost turns its malevolent gaze towards you.
A scorpion is nearby! 😎 HP[+1]
A scorpion is nearby!
A scorpion is nearby!
The scorpion stings you.
You are poisoned.
The scorpion poisons you! 😕 HP[-3]
You take 3 damage, and now have 28/31 hp.
A scorpion is nearby!
You sock the scorpion!
Your tail-slap misses the scorpion.
You feel sick.
The scorpion stings you but does no damage. 😕 HP[-2]
You take 2 damage, and now have 26/31 hp.
A scorpion is nearby!
You closely miss the scorpion.
You tail-slap the scorpion, but do no damage.
You feel sick.
The scorpion stings you but does no damage. 😕 HP[-2]
You take 2 damage, and now have 24/31 hp.
A scorpion is nearby!
You closely miss the scorpion.
You feel sick. The scorpion stings you.
The scorpion barely misses you. 😮 HP[-2]
You take 2 damage, and now have 22/31 hp.
A scorpion is nearby!
You are too injured to fight recklessly!
A scorpion is nearby!
You are too injured to fight recklessly!
You barely miss the scorpion.
You feel sick. The scorpion stings you.
* * * LOW HITPOINT WARNING * * *
😨 HP[-7]
You take 7 damage, and now have 15/31 hp.
MASSIVE DAMAGE!! (PAUSE)
You closely miss the scorpion.
You feel sick. The scorpion barely misses you. The scorpion misses you.
You closely miss the scorpion.
You feel sick.
You are no longer poisoned.
The scorpion stings you.
* * * LOW HITPOINT WARNING * * *
😨 HP[-6]
You take 6 damage, and now have 9/31 hp.
You closely miss the scorpion. The scorpion stings you.
* * * LOW HITPOINT WARNING * * *
You are lethally poisoned!
The scorpion poisons you! 😱 HP[-3]
You take 3 damage, and now have 6/31 hp.
You hit the scorpion.
* * * LOW HITPOINT WARNING * * *
You feel very sick. The scorpion barely misses you.
The scorpion closely misses you. 😱 HP[-4]
You take 4 damage, and now have 2/31 hp.
You closely miss the scorpion.
You die...

Skill      XL: |  1  2 |
---------------+-------+-----
Maces & Flails | 4 |  4.7
Fighting       | |  3.2
Dodging        | |  2.6

Action                   || total
-------------------------++-------
Melee: Mace              ||    62
       Tailslap          ||     6
       Punch             ||     1
 Stab: Sleeping          ||     3
Armor: Skin              ||    21
Dodge: Dodged            ||    44

Levels and vault maps discovered:
D:1:      roderic_crop_circles_arrival_small, layout_rooms, minmay_heptomino_d4
D:2:      layout_rooms, shapermc_ecumenical_altar_mp_urbaneastern, basic_altar
D:3:      layout_basic, mainiacjoe_overflow_concentric_impassable, serial_glass,
          glass_columns_a, glass_columns_a, ebering_ghost_disaster_area,
          dk_noncrumbling_4, minmay_misc_feat_plants, minmay_misc_feat_rows

Notes
Turn   | Place    | Note
-------+----------+-------------------------------------------
     0 | D:1      | Faeu the Draconian Berserker began the quest for the Orb.
     0 | D:1      | Reached XP level 1. HP: 19/19 MP: 1/1
     0 | D:1      | magus.rc [v1.9.6]
   215 | D:1      | Reached XP level 2. HP: 15/26 MP: 2/2
   832 | D:2      | Found a stormy altar of Qazlal.
   879 | D:2      | Reached skill level 4 in Maces & Flails
   996 | D:2      | Found a faded altar of an unknown god.
  1329 | D:3      | Reached XP level 3. HP: 19/31 MP: 3/3
  1585 | D:3      | Noticed a scorpion
  1600 | D:3      | Found a large runed translucent door.
  1600 | D:3      | Found a large runed translucent door.
  1607 | D:3      | Noticed Peloso's ghost (amateur MiFi)
  1618 | D:3      | HP: 6/31 [scorpion (3)]
  1619 | D:3      | HP: 2/31 [poisoned by a scorpion]
  1620 | D:3      | Succumbed to a scorpion's poison

Vanquished Creatures
  A hound (D:3)
  2 bats (D:1)
  4 endoplasms
  A giant cockroach (D:1)
  A goblin (D:1)
  2 hobgoblins (D:1)
  4 kobolds
  7 ball pythons
  2 rats
24 creatures vanquished.

Vanquished Creatures (others)
  9 plants (D:1)
9 creatures vanquished.

Grand Total: 33 creatures vanquished

Table legend:
 A = Non-vault XP
 B = Vault XP
 C = Vault XP percentage of total XP
 D = Non-vault monster count
 E = Vault monster count
 F = Vault count percentage of total count
                 A         B        C        D         E       F
            +---------+---------+-------+---------+---------+-------
      Total |      75 |       4 |   5.1 |      22 |       2 |   8.3
            +---------+---------+-------+---------+---------+-------
        D:1 |      22 |       4 |  15.4 |      14 |       2 |  12.5
        D:2 |       8 |       0 |   0.0 |       4 |       0 |   0.0
        D:3 |      45 |       0 |   0.0 |       4 |       0 |   0.0
            +---------+---------+-------+---------+---------+-------

Illustrated notes

Table legend:
 A = Kills in this place as a percentage of kills in entire the game.
 B = Kills by you in this place as a percentage of kills by you in the entire game.
 C = Kills by friends in this place as a percentage of kills by friends in the entire game.
 D = Other kills in this place as a percentage of other kills in the entire game.
 E = Experience gained in this place as a percentage of experience gained in the entire game.
 F = Experience gained in this place divided by the number of levels of this place that you have seen.
                   A       B       C       D       E      F
               +-------+-------+-------+-------+-------+----------------------
         Total | 100.0 | 100.0 |   N/A |   N/A | 100.0 |  26.3
       Dungeon | 100.0 | 100.0 |   N/A |   N/A | 100.0 |  26.3
               +-------+-------+-------+-------+-------+----------------------

Table legend: (Time is in decaauts)
 A = Elapsed time spent in this place.
 B = Non-inter-level travel time spent in this place.
 C = Inter-level travel time spent in this place.
 D = Time resting spent in this place.
 E = Time spent auto-exploring this place.
 F = Levels seen in this place.
 G = Mean time per level.
                   A        B        C        D        E       F      G
               +--------+--------+--------+--------+--------+-----+--------+
         Total |   1632 |   1587 |     45 |      0 |   1416 |   3 |  544.0 |
       Dungeon |   1632 |   1587 |     45 |      0 |   1416 |   3 |  544.0 |
               +--------+--------+--------+--------+--------+-----+--------+

Top non-repeatable levels by time:
     D:1: 813 daAuts
     D:2: 483 daAuts
     D:3: 334 daAuts
